 Dungeon Crawl Stone Soup version 0.30-a0-719-gcc4359ea44 (webtiles) character file.

Game seed: 13084043406904332216

312 berto the Trooper (level 6, -4/56 HPs)
             Began as a Minotaur Fighter on Jan 27, 2023.
             Slain by a bullfrog (6 damage)
             ... in a sewer.
             The game lasted 00:09:45 (3680 turns).

berto the Trooper (Minotaur Fighter)                Turns: 3680, Time: 00:09:45

Health: -4/56      AC:  7    Str: 22    XL:     6   Next: 18%
Magic:  5/5        EV:  6    Int:  5    God:
Gold:   164        SH:  5    Dex: 10    Spells: 5/5 levels left

rFire   . . .      SeeInvis .    a - +0 flail
rCold   . . .      Faith    .    c - +0 buckler
rNeg    . . .      Spirit   .    b - +0 scale mail
rPois   .          Reflect  .    (helmet restricted)
rElec   .          Harm     .    (no cloak)
rCorr   .          Rampage  .    (no gloves)
Will    .....                    (no boots) Stlth
                                 (no amulet)
HPRegen 0.29/turn                (no ring)
MPRegen 0.09/turn                (no ring)

@: constricted
A: horns 2, retaliatory headbutt
a: no special abilities


You were in a sewer.
You visited 1 branch of the dungeon, and saw 3 of its levels.
You also visited: Sewer.

You collected 164 gold pieces.

Inventory:

Hand Weapons
 a - a +0 flail (weapon)
Missiles
 g - 32 stones (quivered)
Armour
 b - a +0 scale mail (worn)
 c - a +0 buckler (worn)
Jewellery
 f - an amulet of regeneration
Scrolls
 d - 2 scrolls of teleportation {unknown}
 m - 2 scrolls of vulnerability {unknown}
 n - a scroll of identify {unknown}
 p - 3 scrolls of fog {unknown}
 q - 2 scrolls of magic mapping {unknown}
 r - 3 scrolls of summoning {unknown}
 s - a scroll of noise {unknown}
 u - a scroll of fear {unknown}
 x - a scroll of immolation {unknown}
Potions
 e - a potion of mutation {unknown}
 h - 2 potions of lignification {unknown}
 i - a potion of curing {unknown}
 j - 2 potions of cancellation
 k - a potion of brilliance {unknown}
 l - a potion of haste {unknown}
 o - a potion of heal wounds {unknown}
 v - a potion of invisibility {unknown}
 w - a potion of resistance {unknown}


   Skills:
 + Level 5.2 Fighting
 + Level 4.4 Maces & Flails
 + Level 5.2 Armour
 + Level 5.2 Shields


You had 5 spell levels left.
You didn't know any spells.
Your spell library contained the following spells:

 Spells                   Type           Power      Damage    Failure   Level
 Manifold Assault         Tloc           0%         N/A       100%        4
 Dispersal                Tloc           0%         N/A       100%        6
 Disjunction              Tloc           0%         N/A       100%        8


Dungeon Overview and Level Annotations

Branches:
Dungeon (3/15)              Sewer (1/1)

Altars:

Annotations:
D:2 Jessica


Innate Abilities, Weirdness & Mutations

You have a pair of horns on your head.
You reflexively headbutt those who attack you in melee.


Message History

The adder bites you but does no damage. The adder barely misses you.
You block the bullfrog's attack.
You sock the adder!
You kill the adder!
You feel sick.
You are no longer poisoned.
You block the ball python's attack. The ball python constricts you.
The bullfrog barely misses you.
The bullfrog hits you but does no damage.
The adder barely misses you.
The bullfrog hits you but does no damage.
The ball python bites you but does no damage.
The ball python constricts you.
The bullfrog hits you but does no damage.
You bludgeon the adder!!
You kill the adder!
The bullfrog hits you. You block the ball python's attack.
The ball python constricts you. The bullfrog hits you.
The bullfrog hits you but does no damage.
You closely miss the bullfrog. You headbutt the bullfrog!
The bullfrog is heavily wounded.
The bullfrog hits you. The ball python bites you.
The ball python constricts you.
* * * LOW HITPOINT WARNING * * *
The bullfrog hits you.
* * * LOW HITPOINT WARNING * * *
The bullfrog hits you.
* * * LOW HITPOINT WARNING * * *
The ball python bites you.
* * * LOW HITPOINT WARNING * * *
The ball python constricts you. The bullfrog hits you.
* * * LOW HITPOINT WARNING * * *
It was a potion of cancellation.
Your magical effects are unravelling.
You feel magically purged.
You feel a little less mighty now. The bullfrog hits you.
* * * LOW HITPOINT WARNING * * *
The bullfrog hits you.
You die...

##~~.~###..#
#.~.~.
#~≈~~~~#####
#≈~~~~
#≈≈≈~≈≈#
#≈~~~~
#≈≈≈~~≈#
#~~~~≈
#≈≈~~≈≈#
#~≈≈≈≈
#≈≈~≈~≈#
#~†~†≈
#~≈~~≈≈#
##†...
#≈~#≈≈≈#
#≈.†..
#≈@S≈≈≈#
#≈~.~.
#≈FF≈≈≈#
#≈≈≈~~
#≈†#≈≈≈#
#≈≈~≈~
#≈#~≈≈≈#
#≈≈≈~~
#≈~~~≈≈#
#~~~~≈
#≈†≈~≈≈#
#≈~~~≈
#≈≈≈~~≈#
#~~≈≈≈
#≈S~#≈~#
#~~≈~~
#..~~.##
##..~.


You could see 2 bullfrogs and a ball python.

Vanquished Creatures
  An orc priest (D:3)
  Terence (D:3)
  10 adders
  4 river rats
  2 worms (D:3)
  2 dart slugs
  8 orcs
  7 endoplasms
  4 giant cockroaches
  5 goblins
  6 hobgoblins
  5 jackals
  9 kobolds
  16 ball pythons
  7 bats
  4 frilled lizards
  36 rats
127 creatures vanquished.

Notes
Turn   | Place    | Note
-------+----------+-------------------------------------------
     0 | D:1      | berto the Minotaur Fighter began the quest for the Orb.
     0 | D:1      | Reached XP level 1. HP: 19/19 MP: 0/0
   158 | D:1      | Reached XP level 2. HP: 26/27 MP: 1/1
   366 | D:1      | Found a faded altar of an unknown god.
   634 | D:1      | Reached XP level 3. HP: 33/33 MP: 2/2
  1599 | D:2      | Noticed Jessica
  1790 | D:1      | Reached XP level 4. HP: 41/41 MP: 3/3
  2350 | D:3      | Noticed Terence
  2362 | D:3      | Killed Terence
  2370 | D:3      | Reached XP level 5. HP: 30/47 MP: 4/4
  2694 | D:3      | Found a glowing drain.
  2714 | Sewer    | Entered a sewer
  2836 | Sewer    | Reached skill level 5 in Fighting
  2836 | Sewer    | Reached skill level 5 in Armour
  2837 | Sewer    | Reached skill level 5 in Shields
  3531 | Sewer    | Reached XP level 6. HP: 45/56 MP: 5/5
  3680 | Sewer    | HP: 2/56 [bullfrog (2)]
  3680 | Sewer    | Slain by a bullfrog

Illustrated notes

Levels and vault maps discovered:
D:1:      lightli_arrival_lavapool, layout_loops_ring,
          shapermc_ecumenical_altar_starsandcircs, grunt_decor_clamped
D:2:      layout_rooms, minmay_octomino_j4, uniq_jessica
D:3:      cheibrodos_pilgrimage, layout_basic, gammafunk_ghost_nasty_kobolds,
          portal_sewer_entry_b, serial_shops,
          nicolae_shop_competitors_out_of_business, minmay_stone_trees_small,
          chequers_arboretum, uniq_terence
Sewer:    sewer_minmay_w

Skill      XL: |  1  2  3  4  5 |
---------------+----------------+-----
Shields        | 4 5 |  5.2
Fighting       | 4 5 |  5.2
Armour         | 4 5 |  5.2
Maces & Flails | 3 4 |  4.4

Action                     |  1- 3 |  4- 6 || total
---------------------------+-------+-------++-------
  Melee: Flail             |    89 |   142 ||   231
         Headbutt          |     7 |    22 ||    29
  Throw: Stone             |       |     3 ||     3
    Use: Potion            |       |     3 ||     3
 Armour: Scale mail        |    51 |    85 ||   136
  Dodge: Dodged            |    60 |    85 ||   145
  Block: Buckler           |    28 |    52 ||    80

Table legend: (Time is in decaauts)
 A = Elapsed time spent in this place.
 B = Non-inter-level travel time spent in this place.
 C = Inter-level travel time spent in this place.
 D = Time resting spent in this place.
 E = Time spent auto-exploring this place.
 F = Levels seen in this place.
 G = Mean time per level.
                   A        B        C        D        E       F      G
               +--------+--------+--------+--------+--------+-----+--------+
         Total |   3814 |   3576 |    238 |   1324 |   1278 |   4 |  953.5 |
       Dungeon |   2762 |   2524 |    238 |    778 |   1062 |   3 |  920.7 |
         Sewer |   1051 |   1051 |      0 |    546 |    216 |   1 | 1051.0 |
               +--------+--------+--------+--------+--------+-----+--------+

Top non-repeatable levels by time:
     D:1: 1391 daAuts
   Sewer: 1051 daAuts
     D:2: 897 daAuts
     D:3: 473 daAuts
